AoeStats
← old f1sh

Arabia

509568162Analyzed
1v1 RM · 5d ago on Sep 27, 2026· 52m 44s· 2 players
Game mode
Random Map
Map size
Tiny (2 player)
Population
200
Speed
Normal
Resources
Standard
Victory
Conquest
Starting age
Dark Age
Ending age
Imperial Age
RankedLock teamsTeams togetherTeam positionsShared explorationLock speedFull tech treeHidden civsTurbo modeCheats
Victory
Defeat
🇨🇳 Bulgarians · China
1680
+15
🇨🇳 Jurchens · China
1660
-15
old f1sh
6:24 Loom
8:54 Feudal Age
9:40 Double-Bit Axe
17:02 Wheelbarrow
16:45 Fletching
20:37 Castle Age
19:17 Scale Mail Armor
19:32 Gold Mining
19:24 Horse Collar
20:44 Scale Mail Armor
20:56 Light Cavalry
24:29 Gambesons
42:39 Bodkin Arrow
43:16 Bodkin Arrow
44:39 Scale Barding Armor
48:09 Chain Barding Armor
49:26 Hand Cart
51:00 Forging
51:44 Husbandry
51:58 Bloodlines
Imagination
6:11 Loom
9:13 Feudal Age
9:47 Double-Bit Axe
15:40 Town Watch
20:30 Castle Age
19:16 Fletching
19:14 Horse Collar
21:09 Bodkin Arrow
33:32 Forging
39:43 Wheelbarrow
43:23 Bow Saw
47:45 Imperial Age
48:08 Thumb Ring
48:25 Padded Archer Armor
48:31 Bracer
49:57 Ballistics
52:21 Parthian Tactics
52:59 Heavy Plow
Connection lost

Rejoining the realm…

Still unreachable

The connection could not be restored.

Session expired

The server has moved on; the page needs a fresh start.